 Dungeon Crawl Stone Soup version 0.19.4-9-g45fd643 (webtiles) character file.

58 sveltemanboy the Ducker (level 4, -3/23 HPs)
             Began as a Vine Stalker Gladiator on Feb 18, 2017.
             Was an Initiate of Ashenzari.
             Slain by Lluna's ghost (9 damage)
             ... on level 3 of the Dungeon.
             The game lasted 00:03:33 (1611 turns).

sveltemanboy the Ducker (Vine Stalker Gladiator)    Turns: 1611, Time: 00:03:34

Health: -3/23      AC:  6    Str: 17    XL:     4   Next: 1%
Magic:  0/5        EV: 12    Int:  9    God:    Ashenzari [......]
Gold:   109        SH:  4    Dex: 15    Spells: 0 memorised, 3 levels left

rFire  . . .     SeeInvis .     a - +0 long sword
rCold  . . .     Gourm    .     i - +0 ring mail
rNeg   . . .     Faith    .     (no shield)
rPois  .         Spirit   +     c - +0 helmet
rElec  .         Reflect  +     (no cloak)
rCorr  .         Harm     .     (no gloves)
MR     .....                    (no boots)
Stlth  +.........               m - +4 amulet of reflection
                                (no ring)
                                h - ring of wizardry

@: no status effects
A: fangs 2, regeneration 1, magic shield, antimagic bite, no device heal 3, rot
immunity
a: Curse Item, Renounce Religion


You were on level 3 of the Dungeon.
You worshipped Ashenzari.
Ashenzari was noncommittal.
You were not hungry.

You visited 1 branch of the dungeon, and saw 3 of its levels.

You collected 109 gold pieces.

Inventory:

Hand Weapons
 a - a +0 long sword (weapon)
Missiles
 j - 3 throwing nets (quivered)
Armour
 c - a +0 helmet (worn)
 i - a +0 ring mail (worn)
Jewellery
 h - a ring of wizardry (left hand)
 m - a +4 amulet of reflection (around neck)
Scrolls
 d - a scroll of fog {unknown}
 g - 4 scrolls of teleportation {unknown}
Potions
 e - 2 potions of heal wounds {unknown}
 l - a potion of curing {unknown}
Comestibles
 b - 2 chunks of flesh
 f - a bread ration
 k - a meat ration


   Skills:
 + Level 2.5 Fighting
 - Level 2.6 Long Blades
 - Level 1.7 Throwing
 + Level 1.4 Armour
 + Level 3.0 Dodging


You had 3 spell levels left.
You didn't know any spells.

Dungeon Overview and Level Annotations

Branches:
Dungeon (3/15)

Altars:
Ashenzari
Fedhas
Hepliaklqana
The Shining One

Annotations:
D:3 Lluna's ghost, weakling GrFi


Innate Abilities, Weirdness & Mutations

You have extremely sharp teeth.
Your natural rate of healing is unusually fast.
When hurt, damage is shared between your health and your magic reserves.
Your bite disrupts and absorbs the magic of your enemies.
Potions and wands cannot restore your health.
You are immune to rotting.


Message History

Lluna's ghost closely misses you.
Lluna's ghost wails.
Lluna's ghost closely misses you.
You riposte.
You barely miss Lluna's ghost. You barely miss Lluna's ghost.
Lluna's ghost hits you but does no damage.
You barely miss Lluna's ghost.
You bite Lluna's ghost, but do no damage.
Lluna's ghost hits you.
You hit Lluna's ghost but do no damage.
You bite Lluna's ghost, but do no damage.
You block Lluna's ghost's attack. Lluna's ghost hits you!
You hit Lluna's ghost but do no damage. Lluna's ghost closely misses you.
You barely miss Lluna's ghost. You bite Lluna's ghost. You drain its power.
You feel invigorated.
Lluna's ghost is lightly damaged.
Lluna's ghost wails.
Lluna's ghost hits you!
* * * LOW HITPOINT WARNING * * *
Lluna's ghost hits you!
You die...

###################
#........(W@.......
#.........#########
#........## .
#.)......# #.##
#........#
#...##........#
..............#
##..#..##...###
##....####.#


You could see Lluna's ghost.

Vanquished Creatures
  An adder (D:2)
  A dart slug (D:1)
  8 bats
  4 goblins
  11 hobgoblins
  2 jackals (D:1)
  2 quokkas (D:2)
  6 frilled lizards
  3 kobolds
  6 rats
44 creatures vanquished.

Notes
Turn   | Place    | Note
-------+----------+-------------------------------------------
     0 | D:1      | sveltemanboy the Vine Stalker Gladiator began the quest for the Orb.
     0 | D:1      | Reached XP level 1. HP: 11/11 MP: 2/2
   121 | D:1      | Reached XP level 2. HP: 15/15 MP: 3/3
   655 | D:1      | Reached XP level 3. HP: 19/19 MP: 4/4
   814 | D:2      | Reached skill level 1 in Armour
   889 | D:2      | Found a shattered altar of Ashenzari.
   902 | D:2      | Became a worshipper of Ashenzari the Shackled
   916 | D:2      | Found a hazy altar of Hepliaklqana.
   959 | D:2      | Found a glowing golden altar of the Shining One.
  1284 | D:2      | Found a blossoming altar of Fedhas.
  1581 | D:3      | Noticed Lluna's ghost (weakling GrFi)
  1602 | D:3      | Reached skill level 3 in Dodging
  1602 | D:3      | Gained mutation: Your natural rate of healing is unusually fast. [Vine Stalker growth]
  1602 | D:3      | Reached XP level 4. HP: 23/23 MP: 5/5
  1611 | D:3      | Slain by Lluna's ghost

Skill      XL: |  1  2  3 |
---------------+----------+-----
Fighting       | 2 |  2.5
Armour         | 1 |  1.4
Dodging        | 3 |  3.0
Long Blades    | |  2.6
Throwing       | |  1.7

Action                   |  1- 3 |  4- 6 || total
-------------------------+-------+-------++-------
Melee: Long sword        |    99 |     8 ||   107
       Bite              |    21 |     4 ||    25
Throw: Throwing net      |     3 |       ||     3
  Eat: Chunk             |     2 |       ||     2
Armor: Leather armour    |    13 |       ||    13
       Ring mail         |    18 |     2 ||    20
Dodge: Dodged            |    79 |     3 ||    82
Block: Other             |       |     2 ||     2
       Rpst.: Long sword |    27 |     1 ||    28
